[Event "Titled Tuesday Blitz February 28 Late 2023"]
[White "Rottenwohrer Suarez, Juan"]
[Black "Pissama Ntsaou, Martial"]
[WhiteFideId "32068182"]
[BlackFideId "17400864"]
[WhiteElo "2174"]
[BlackElo "2070"]
[Result "1-0"]
[Round "02"]
[TimeControl "180+2"]
[Date "2023.02.28"]
[WhiteClock "0:00:06"]
[BlackClock "0:00:09"]

1. c4 c6 2. d4 d5 3. cxd5 cxd5 4. Nc3 Nc6 5. Nf3 Nf6 6. Bf4 Ne4 7. e3 Nxc3 8. bxc3 g6 9. Bd3 Bg7 10. O-O O-O 11. c4 dxc4 12. Bxc4 Bg4 13. h3 Bf5 14. Qe2 Rc8 15. e4 Bd7 16. Rfd1 Na5 17. Bd3 b6 18. Ba6 Rc3 19. Rac1 Rxc1 20. Rxc1 Bc6 21. d5 Bb7 22. Bxb7 Nxb7 23. Ne5 Bxe5 24. Bxe5 Nc5 25. Ba1 f6 26. Rd1 Qd6 27. e5 fxe5 28. Bxe5 Qd7 29. Ba1 Qf5 30. Qb2 Qf6 31. Qd2 Qf4 32. Qe2 Ne4 33. Bd4 Nf6 34. Qxe7 Rf7 35. Qe5 Qxe5 36. Bxe5 Ne4 37. f3 Nf6 38. Bxf6 Rxf6 39. Kf2 Kf7 40. Ke3 Ke7 41. Ke4 Kd6 42. Rc1 Rf8 43. Rc6+ Kd7 44. Ke5 Re8+ 45. Re6 Rc8 46. Kf6 Rc5 47. Re7+ Kd6 48. Rxa7 Kxd5 49. Rxh7 Rc2 50. g4 Rxa2 51. Kxg6 b5 52. Rb7 Kc5 53. h4 Ra3 54. f4 Ra4 55. Kg5 b4 56. h5 b3 57. Rxb3 Kc4 58. Rh3 Ra5+ 59. f5 Kd4 60. h6 Ke4 61. h7 Ra8 62. h8=Q 1-0


[Site "https://www.chess.com"]

[Event "Titled Tuesday Blitz February 28 Late 2023"]
[White "Torres Dominguez, David"]
[Black "Backsten, Jan"]
[WhiteFideId "2220857"]
[BlackFideId "1735381"]
[WhiteElo "1999"]
[BlackElo "1967"]
[Result "0-1"]
[Round "02"]
[TimeControl "180+2"]
[Date "2023.02.28"]
[WhiteClock "0:00:02"]
[BlackClock "0:00:21"]

1. e4 e6 2. d4 d5 3. exd5 exd5 4. Bd3 Bd6 5. Qf3 Nc6 6. c3 Be6 7. Bf4 Nge7 8. Ne2 Qd7 9. Bxd6 Qxd6 10. Qg3 O-O-O 11. Qxd6 Rxd6 12. Ng3 f5 13. f4 g6 14. h4 Rg8 15. Na3 a6 16. Nc2 Nb8 17. O-O-O Nd7 18. Rde1 Nf6 19. Re5 Nc6 20. Re2 Ne4 21. Bxe4 dxe4 22. Nf1 Bxa2 23. Nfe3 Na5 24. b4 Nc4 25. g4 Nxe3 26. Nxe3 Be6 27. g5 h5 28. gxh6 Rh8 29. h5 Rxh6 30. Reh2 Rxh5 31. Rxh5 gxh5 32. Rxh5 Kd7 33. Nxf5 Bxf5 34. Rxf5 Rh6 35. Rd5+ Kc6 36. Rc5+ Kd6 37. Re5 Rh1+ 38. Kd2 Rh2+ 39. Ke3 Rh3+ 40. Kd2 Rd3+ 41. Kc2 Re3 42. Kd2 Rd3+ 43. Kc2 Rf3 44. Rxe4 b6 45. c4 Rf2+ 46. Kd3 Rf3+ 47. Kc2 Rf1 48. Kc3 b5 49. cxb5 axb5 50. Re5 c6 51. f5 Rf3+ 52. Kd2 Rb3 53. f6 Rf3 54. Ke2 Rxf6 55. Re4 Rh6 56. Kd3 Rh3+ 57. Re3 Rh1 58. Re5 Rb1 59. Kc3 Rc1+ 60. Kd3 Rc4 0-1


[Site "https://www.chess.com"]

[Event "Titled Tuesday Blitz February 28 Late 2023"]
[White "Dzierzak, Radoslaw"]
[Black "Manu_ChessExcelsior"]
[WhiteFideId "1161407"]
[WhiteElo "2166"]
[BlackElo "1967"]
[Result "1-0"]
[Round "02"]
[TimeControl "180+2"]
[Date "2023.02.28"]
[WhiteClock "0:00:12"]
[BlackClock "0:00:01"]

1. e4 e5 2. Nf3 Nc6 3. Bc4 Nf6 4. d3 Bc5 5. O-O a6 6. c3 Ba7 7. Bb3 d6 8. Nbd2 O-O 9. h3 h6 10. Re1 Re8 11. Nf1 Be6 12. Bc2 Ne7 13. Ng3 Ng6 14. d4 exd4 15. cxd4 c6 16. Bd2 Nh7 17. Bc3 Ng5 18. Nxg5 Qxg5 19. Qh5 Nf4 20. Qxg5 hxg5 21. Ne2 Nxe2+ 22. Rxe2 Bc4 23. Ree1 Re7 24. b3 Be6 25. Rad1 Rae8 26. Bb4 c5 27. dxc5 dxc5 28. Ba3 b5 29. Rd6 Bc8 30. Red1 Re6 31. Rxe6 Bxe6 32. Rd6 Bc8 33. Kf1 f6 34. f3 Kf7 35. Bb2 Ke7 36. e5 Rd8 37. Rxd8 Kxd8 38. exf6 gxf6 39. Bxf6+ Kc7 40. Bxg5 c4 41. Bf4+ Kd8 42. h4 cxb3 43. Bxb3 a5 44. h5 a4 45. Bc2 Be6 46. Bb1 b4 47. h6 Bd4 48. Bd2 b3 49. axb3 axb3 50. Ke2 b2 51. Be3 Be5 52. f4 Bc3 53. f5 Bc4+ 54. Kd1 Ke7 55. Bg5+ 1-0


[Site "https://www.chess.com"]

[Event "Titled Tuesday Blitz February 28 Late 2023"]
[White "Gomes, Luiz Alexandre de Souza"]
[Black "Desideri, Ricardo Maruchi"]
[WhiteFideId "2102790"]
[BlackFideId "2110440"]
[WhiteElo "2423"]
[BlackElo "1945"]
[Result "0-1"]
[Round "02"]
[TimeControl "180+2"]
[Date "2023.02.28"]
[WhiteClock "0:00:11"]
[BlackClock "0:00:50"]

1. e4 c5 2. Nf3 d6 3. d4 cxd4 4. Nxd4 Nf6 5. Nc3 a6 6. Rg1 e6 7. g4 b5 8. g5 Nfd7 9. Be3 Bb7 10. a3 Nb6 11. Qd2 N8d7 12. f4 Be7 13. h4 Rc8 14. O-O-O Nc5 15. Bd3 Nba4 16. Nxa4 bxa4 17. h5 e5 18. Nf5 Nb3+ 19. Kb1 Nxd2+ 20. Rxd2 O-O 21. fxe5 dxe5 22. g6 fxg6 23. hxg6 h6 24. Bxh6 gxh6 25. g7 Rxf5 26. exf5 Qc7 27. Rg6 Bg5 28. Re2 e4 29. Bxa6 Bxa6 30. Rxa6 Qc4 0-1


[Site "https://www.chess.com"]

[Event "Titled Tuesday Blitz February 28 Late 2023"]
[White "Burke, Paul"]
[Black "Buchenau, Frank"]
[WhiteFideId "2605767"]
[BlackFideId "4604350"]
[WhiteElo "1894"]
[BlackElo "2157"]
[Result "0-1"]
[Round "02"]
[TimeControl "180+2"]
[Date "2023.02.28"]
[WhiteClock "0:00:03"]
[BlackClock "0:00:12"]

1. e4 e6 2. d4 d5 3. e5 c5 4. Qg4 cxd4 5. Nf3 Nc6 6. Bd3 f6 7. Bxh7 fxe5 8. Bg6+ Kd7 9. O-O Nf6 10. Qg3 Bd6 11. Ng5 e4 12. Bf4 e5 13. Bd2 Qe7 14. Bf5+ Kc7 15. Bxc8 Raxc8 16. Na3 a6 17. c4 e3 18. fxe3 e4 19. Rf4 Nh5 20. Qg4 Nxf4 21. exf4 Bxa3 22. bxa3 dxc4 23. f5 e3 24. Be1 Kb8 25. Bg3+ Ka8 26. Ne6 Qxa3 27. Qxg7 Rhg8 28. Qd7 d3 29. Rb1 Rb8 30. Nc7+ Ka7 31. Nd5 Qc5 32. Bxb8+ Rxb8 33. Nc3 e2+ 34. Kh1 Qd4 0-1


[Site "https://www.chess.com"]

[Event "Titled Tuesday Blitz February 28 Late 2023"]
[White "Wartiovaara, Oliver"]
[Black "tandercat"]
[WhiteFideId "513024"]
[WhiteElo "2214"]
[BlackElo "1877"]
[Result "1-0"]
[Round "02"]
[TimeControl "180+2"]
[Date "2023.02.28"]
[WhiteClock "0:01:13"]
[BlackClock "0:00:11"]

1. d4 d5 2. c4 e6 3. Nc3 a6 4. cxd5 exd5 5. Nf3 Nf6 6. Bg5 Be6 7. e3 Nbd7 8. Bd3 Bd6 9. O-O c6 10. Rb1 Qc7 11. Bh4 O-O 12. b4 Rfe8 13. a4 h6 14. Bg3 Bg4 15. Bxd6 Qxd6 16. h3 Be6 17. b5 cxb5 18. axb5 a5 19. b6 Nxb6 20. Qb3 Nc4 21. Nb5 Qb6 22. Qa4 Qc6 23. Rfc1 b6 24. Ne5 1-0


[Site "https://www.chess.com"]

[Event "Titled Tuesday Blitz February 28 Late 2023"]
[White "Nakamura, Hikaru"]
[Black "Vasquez Schroeder, Rodrigo"]
[WhiteFideId "2016192"]
[BlackFideId "3400042"]
[WhiteElo "2879"]
[BlackElo "2600"]
[Result "1-0"]
[Round "03"]
[TimeControl "180+2"]
[Date "2023.02.28"]
[WhiteClock "0:00:19"]
[BlackClock "0:00:53"]

1. Nf3 d5 2. g3 g6 3. Bg2 Bg7 4. d3 e5 5. O-O Ne7 6. c4 Nbc6 7. Nc3 d4 8. Na4 O-O 9. Rb1 a5 10. a3 h6 11. b4 axb4 12. axb4 f5 13. b5 Nb8 14. Ba3 Nd7 15. Bb4 Re8 16. Nd2 Kh7 17. Nc5 Nxc5 18. Bxc5 Ng8 19. Ra1 Rxa1 20. Qxa1 Nf6 21. Qa7 Nd7 22. Ba3 b6 23. Bc6 Bf8 24. c5 Bxc5 25. Bxc5 bxc5 26. Nb3 Re7 27. Nxc5 Nb6 28. Rc1 Qd6 29. Qa2 Be6 30. Nxe6 Qxe6 31. Qa3 Rf7 32. Bg2 Qe7 33. Qa2 Rf8 34. Qa7 Rf7 35. h4 h5 36. Qb7 Rg7 37. Qc6 Na4 38. Rc4 Nc3 39. e3 Qa3 40. exd4 Qc1+ 41. Kh2 exd4 42. Rxd4 Qd2 43. Rd7 Ne2 44. Rxg7+ Kxg7 45. Qxc7+ Kh6 46. Qe5 Qe1 47. Qh8# 1-0


[Site "https://www.chess.com"]

[Event "Titled Tuesday Blitz February 28 Late 2023"]
[White "Baskakov, Egor"]
[Black "Carlsen, Magnus"]
[WhiteFideId "24197866"]
[BlackFideId "1503014"]
[WhiteElo "2212"]
[BlackElo "2852"]
[Result "0-1"]
[Round "03"]
[TimeControl "180+2"]
[Date "2023.02.28"]
[WhiteClock "0:00:17"]
[BlackClock "0:00:56"]

1. e4 c6 2. d4 d5 3. e5 Bf5 4. Ne2 e6 5. Ng3 Bg6 6. h4 h6 7. h5 Bh7 8. Bd3 Bxd3 9. cxd3 c5 10. dxc5 Bxc5 11. d4 Bb6 12. Nc3 Nc6 13. Be3 Nge7 14. Qg4 Rg8 15. Nb5 Ba5+ 16. Ke2 Bb4 17. Rhc1 Qb6 18. Nd6+ Bxd6 19. exd6 Qb5+ 20. Kf3 Nc8 21. Qf4 Qb4 22. Rc5 Nb6 23. Rac1 Rd8 24. Rxc6 bxc6 25. Rxc6 Nc4 26. Nf5 exf5 27. Qxf5 Nxd6 28. Qe5+ Kf8 29. Bf4 Nc4 30. Qc7 Qe7 0-1


[Site "https://www.chess.com"]

[Event "Titled Tuesday Blitz February 28 Late 2023"]
[White "Pichot, Alan"]
[Black "Vachier-Lagrave, Maxime"]
[WhiteFideId "110973"]
[BlackFideId "623539"]
[WhiteElo "2573"]
[BlackElo "2740"]
[Result "0-1"]
[Round "03"]
[TimeControl "180+2"]
[Date "2023.02.28"]
[WhiteClock "0:00:10"]
[BlackClock "0:00:37"]

1. e4 c5 2. Nf3 d6 3. Bb5+ Nd7 4. a4 a6 5. Be2 g6 6. a5 Bg7 7. Nc3 Ngf6 8. O-O O-O 9. d3 b5 10. axb6 Nxb6 11. h3 Bb7 12. Be3 Qc7 13. Qd2 d5 14. Bf4 Qc6 15. e5 d4 16. exf6 dxc3 17. bxc3 Bxf6 18. Rab1 a5 19. Ne1 Ra6 20. Bf3 Qd7 21. Bxb7 Qxb7 22. Nf3 a4 23. Be5 a3 24. Rb3 Bxe5 25. Nxe5 Qc7 26. Qe3 c4 27. Nxc4 Nxc4 28. dxc4 Qxc4 29. Ra1 a2 30. Qxe7 Rfa8 31. Qb4 Qe2 32. Rb2 Rd8 33. Raxa2 Rf6 34. Qc5 Rxf2 35. Qg5 Rxg2+ 36. Qxg2 Rd1+ 37. Kh2 Qe5+ 0-1


[Site "https://www.chess.com"]

[Event "Titled Tuesday Blitz February 28 Late 2023"]
[White "Moroni, Luca Jr"]
[Black "Andreikin, Dmitry"]
[WhiteFideId "865834"]
[BlackFideId "4158814"]
[WhiteElo "2569"]
[BlackElo "2736"]
[Result "0-1"]
[Round "03"]
[TimeControl "180+2"]
[Date "2023.02.28"]
[WhiteClock "0:00:02"]
[BlackClock "0:00:03"]

1. d4 d5 2. Bf4 Nf6 3. e3 c5 4. dxc5 e6 5. b4 a5 6. c3 Bd7 7. a4 axb4 8. cxb4 Nc6 9. b5 Na5 10. Nd2 Bxc5 11. Ngf3 Ne4 12. Bd3 Nxd2 13. Nxd2 Qf6 14. O-O O-O 15. Nf3 h6 16. Rc1 b6 17. Bb1 Rfc8 18. Ne5 Be8 19. Qd3 g6 20. Ng4 Qh4 21. h3 Nc4 22. Rxc4 dxc4 23. Qc3 f5 24. Nxh6+ Kh7 25. g3 Qe7 26. g4 Qg7 27. Qxc4 Bxe3 28. Qxe6 Bxf4 29. Nxf5 Qf7 30. Qe4 Bb8 31. Nh4 Ra7 32. Re1 Qf4 33. Qe6 Qh2+ 34. Kf1 Qxh3+ 35. Ng2 Rd8 36. Qf6 Rad7 37. Re7+ Rxe7 38. Qxe7+ Kh6 39. g5+ Kh5 40. Qh7+ Kg4 41. Bf5+ gxf5 42. Qe7 Rd1+ 43. Ke2 Qf3# 0-1


[Site "https://www.chess.com"]

[Event "Titled Tuesday Blitz February 28 Late 2023"]
[White "Firouzja, Alireza"]
[Black "Mendonca, Leon Luke"]
[WhiteFideId "12573981"]
[BlackFideId "35028561"]
[WhiteElo "2904"]
[BlackElo "2464"]
[Result "1-0"]
[Round "03"]
[TimeControl "180+2"]
[Date "2023.02.28"]
[WhiteClock "0:00:15"]
[BlackClock "0:00:04"]

1. d4 Nf6 2. c4 e6 3. a3 c5 4. d5 exd5 5. cxd5 g6 6. Nc3 Bg7 7. e4 d6 8. f3 Nbd7 9. Nge2 a6 10. a4 O-O 11. Ng3 h5 12. Bg5 Qb6 13. Qd2 Nh7 14. a5 Qc7 15. Bh6 h4 16. Bxg7 Kxg7 17. Nge2 Ne5 18. Nf4 Qe7 19. Be2 f5 20. O-O Ng5 21. exf5 Bxf5 22. Rae1 Rae8 23. h3 Qf6 24. Ne4 Bxe4 25. fxe4 Nxe4 26. Qe3 Ng3 27. Nh5+ gxh5 28. Rxf6 Rxf6 29. Qc3 Ref8 30. Bf3 Rf5 31. Re3 Kg8 32. Qb3 R8f7 33. Qb6 R5f6 34. Qd8+ Rf8 35. Qe7 R8f7 36. Qe8+ Kg7 37. Rxe5 dxe5 38. Qxe5 Kg6 39. d6 Rf5 40. Qe6+ R5f6 41. Qe5 Rf5 42. Qe8 Rd5 43. Bxd5 1-0


[Site "https://www.chess.com"]

[Event "Titled Tuesday Blitz February 28 Late 2023"]
[White "Maximov, Dmitry"]
[Black "Duda, Jan-Krzysztof"]
[WhiteFideId "14105659"]
[BlackFideId "1170546"]
[WhiteElo "2494"]
[BlackElo "2790"]
[Result "0-1"]
[Round "03"]
[TimeControl "180+2"]
[Date "2023.02.28"]
[WhiteClock "0:00:06"]
[BlackClock "0:00:07"]

1. e4 Nc6 2. Nf3 e5 3. Bb5 a6 4. Ba4 d6 5. O-O Bd7 6. Re1 g5 7. Bxc6 bxc6 8. d4 g4 9. Nfd2 exd4 10. c3 dxc3 11. Nxc3 Ne7 12. Nc4 Bg7 13. Bg5 f6 14. e5 fxe5 15. Nxd6+ cxd6 16. Qxd6 Bf5 17. Qc5 Qc7 18. Rad1 Kf7 19. Rd6 Rhd8 20. Red1 Rxd6 21. Rxd6 Rd8 22. Qc4+ Kf8 23. Bxe7+ Qxe7 24. Rxc6 Qf7 25. Qc5+ Kg8 26. Rxa6 Bf8 27. Qe3 Bg6 28. g3 Qb7 29. Rb6 Qf3 30. Qxe5 Bc5 31. Qe6+ Kf8 32. Qf6+ Qxf6 33. Rxf6+ Kg7 34. Rf4 Rd4 35. Rxd4 Bxd4 36. a4 Bxc3 37. bxc3 Bd3 38. a5 Kf6 39. h3 h5 40. hxg4 hxg4 41. Kg2 Be4+ 42. Kf1 Bf3 43. Ke1 Ke5 44. Kd2 Kd5 45. Ke3 Kc4 46. Kd2 Kb5 47. Kd3 Kxa5 48. Kd4 Kb6 49. c4 Kc6 50. c5 Bd5 51. Ke5 Kxc5 52. Kf4 Bf3 53. Kg5 Kd4 54. Kf4 Kd3 55. Kg5 Ke2 56. Kf4 Kxf2 0-1


[Site "https://www.chess.com"]

[Event "Titled Tuesday Blitz February 28 Late 2023"]
[White "Milikow, Yoav"]
[Black "Grischuk, Alexander"]
[WhiteFideId "2822237"]
[BlackFideId "4126025"]
[WhiteElo "2410"]
[BlackElo "2727"]
[Result "0-1"]
[Round "03"]
[TimeControl "180+2"]
[Date "2023.02.28"]
[WhiteClock "0:00:06"]
[BlackClock "0:00:03"]

1. d4 e6 2. c4 b6 3. e4 Bb4+ 4. Bd2 Bxd2+ 5. Nxd2 d6 6. Ngf3 Nf6 7. Be2 O-O 8. O-O Qe7 9. Re1 e5 10. d5 a5 11. b3 Na6 12. a3 Bd7 13. Qb1 Nh5 14. b4 Nf4 15. Bf1 f5 16. Re3 Kh8 17. Qb2 Qf6 18. Rae1 g5 19. g3 Ng6 20. exf5 Bxf5 21. h3 h5 22. Nh2 Qg7 23. Ne4 Nf4 24. g4 hxg4 25. hxg4 Bxe4 26. Rxe4 axb4 27. axb4 Nb8 28. Ra1 Rxa1 29. Qxa1 Nd7 30. Qa3 Nf6 31. Re1 Qh7 32. Qg3 Kg7 33. Ra1 Ne4 34. Qf3 Rh8 35. Qh1 Qh4 36. Ra2 Ng3 37. fxg3 Qxg3+ 38. Bg2 Qe1+ 39. Bf1 Qe3+ 40. Rf2 Qg3+ 41. Rg2 Nh3# 0-1


[Site "https://www.chess.com"]

[Event "Titled Tuesday Blitz February 28 Late 2023"]
[White "Martinez Alcantara, Jose Eduardo"]
[Black "Pakleza, Zbigniew"]
[WhiteFideId "3805662"]
[BlackFideId "1119290"]
[WhiteElo "2712"]
[BlackElo "2410"]
[Result "1-0"]
[Round "03"]
[TimeControl "180+2"]
[Date "2023.02.28"]
[WhiteClock "0:00:30"]
[BlackClock "0:00:03"]

1. e4 d5 2. exd5 Nf6 3. d4 Nxd5 4. Nf3 Bg4 5. Be2 Nc6 6. O-O e6 7. h3 Bh5 8. Nbd2 Be7 9. c3 O-O 10. Nc4 Re8 11. Nfe5 Bxe2 12. Qxe2 Nxe5 13. Nxe5 c6 14. c4 Nf6 15. Rd1 a6 16. b3 Nd7 17. Nf3 Qc7 18. Bb2 Bf6 19. Re1 h6 20. Rad1 a5 21. Qc2 Rec8 22. Nd2 Re8 23. Ne4 Be7 24. a4 Nf6 25. Nd2 Rac8 26. Nf3 b5 27. Re3 bxa4 28. bxa4 Rb8 29. Bc3 Bb4 30. Ba1 Qf4 31. Qe2 c5 32. d5 exd5 33. Be5 Rxe5 34. Nxe5 d4 35. Nd3 Qf5 36. Re5 Qc8 37. Qf3 Qc7 38. Ra1 Rc8 39. Ra2 Qc6 40. Qf5 g6 41. Qf4 Kg7 42. Re7 Rd8 43. Rxf7+ Kxf7 44. Ne5+ 1-0


[Site "https://www.chess.com"]

[Event "Titled Tuesday Blitz February 28 Late 2023"]
[White "Matlakov, Maxim"]
[Black "Fier, Alexandr"]
[WhiteFideId "4168003"]
[BlackFideId "2107139"]
[WhiteElo "2666"]
[BlackElo "2610"]
[Result "0-1"]
[Round "03"]
[TimeControl "180+2"]
[Date "2023.02.28"]
[WhiteClock "0:00:12"]
[BlackClock "0:00:15"]

1. e4 Nf6 2. e5 Nd5 3. d4 d6 4. Nf3 g6 5. Bc4 Nb6 6. Bb3 Bg7 7. Ng5 e6 8. Qf3 Qe7 9. Ne4 dxe5 10. Bg5 Qb4+ 11. Nbd2 exd4 12. Nf6+ Kf8 13. O-O-O Nc6 14. Nde4 h6 15. a3 Qa5 16. Bf4 Bxf6 17. Nxf6 Qf5 18. Bxc7 Qxf3 19. gxf3 Kg7 20. Ne4 Nd5 21. Bxd5 exd5 22. Nd6 Bh3 23. Rhe1 b6 24. Nb5 Rac8 25. Bg3 Rhe8 26. Rxe8 Rxe8 27. Nxd4 Nxd4 28. Rxd4 Be6 29. a4 Rc8 30. b3 Kf6 31. Kd2 g5 32. h4 Kf5 33. hxg5 hxg5 34. a5 b5 35. Rd3 a6 36. Re3 f6 37. Re1 Rc6 38. Kd3 Kg6 39. c3 d4 40. Kxd4 Bxb3 41. Re7 Kf5 42. Rb7 Bd1 43. Rb6 Bxf3 44. Rxc6 Bxc6 45. Kc5 Be8 46. Kb6 b4 47. cxb4 Bb5 48. Kc5 Ke4 49. Bd6 f5 50. Be7 g4 51. Bh4 f4 52. Kd6 Kf3 53. Ke5 g3 54. fxg3 fxg3 55. Bxg3 Kxg3 56. Kd4 Kf3 57. Kc3 Ke4 58. Kb2 Kd3 59. Ka1 Kc3 60. Kb1 Kb3 61. Ka1 Kc2 62. Ka2 Kc1 63. Ka1 Bc4 64. b5 axb5 65. a6 Bd5 66. a7 Ba8 67. Ka2 Kc2 68. Ka3 Kc3 69. Ka2 b4 0-1


[Site "https://www.chess.com"]

[Event "Titled Tuesday Blitz February 28 Late 2023"]
[White "Hambleton, Aman"]
[Black "Kollars, Dmitrij"]
[WhiteFideId "2606577"]
[BlackFideId "12909572"]
[WhiteElo "2511"]
[BlackElo "2584"]
[Result "1-0"]
[Round "03"]
[TimeControl "180+2"]
[Date "2023.02.28"]
[WhiteClock "0:00:04"]
[BlackClock "0:00:06"]

1. d4 d5 2. Bf4 c5 3. e3 Nc6 4. c3 cxd4 5. exd4 f6 6. Nf3 g5 7. Bg3 Nh6 8. Bd3 Nf5 9. Qc2 e6 10. Nbd2 h5 11. h3 Nxg3 12. fxg3 Bd6 13. Nf1 Qc7 14. O-O-O Bd7 15. Bg6+ Kf8 16. Kb1 Kg7 17. Bd3 Rac8 18. Qf2 Na5 19. Qd2 Bxg3 20. Nxg3 Qxg3 21. h4 g4 22. Ne5 Be8 23. Rdf1 Rg8 24. Rxf6 Kxf6 25. Qh6+ Ke7 26. Qh7+ Kd8 27. Qxg8 Nc6 28. Qg5+ Kc7 29. Qg7+ Kb6 30. Rd1 Nxe5 31. dxe5 Bc6 32. Qg5 Rf8 33. Qe7 Re8 34. Qb4+ Kc7 35. Qd6+ Kc8 36. b4 Rd8 37. Qxe6+ Kb8 38. b5 Bd7 39. Qd6+ Kc8 40. Qc5+ Kb8 41. Qd6+ Kc8 42. b6 axb6 43. Rd2 Qe1+ 44. Rd1 Qe3 45. Kb2 Qc5 46. Qf6 Re8 47. Bf5 Bxf5 48. Qxf5+ Kb8 49. Qf6 Qb5+ 50. Kc1 Ka7 51. Qd6 Rc8 52. Qa3+ Kb8 53. Qd6+ Ka7 54. Qa3+ Qa6 55. Qxa6+ bxa6 56. Kc2 Rd8 57. Kd3 Kb7 58. Rf1 Rc8 59. Rf7+ Rc7 60. Rf5 Rc4 61. Rxh5 Re4 62. Rg5 Kc6 63. h5 Re1 64. Rxg4 Rxe5 65. Rh4 Re7 66. h6 Rh7 67. g4 Kd6 68. g5 Ke5 69. g6 Rc7 70. g7 d4 71. Rh5+ 1-0


[Site "https://www.chess.com"]

[Event "Titled Tuesday Blitz February 28 Late 2023"]
[White "Dourerassou, Jonathan"]
[Black "Fedoseev, Vladimir"]
[WhiteFideId "628050"]
[BlackFideId "24130737"]
[WhiteElo "2499"]
[BlackElo "2752"]
[Result "0-1"]
[Round "03"]
[TimeControl "180+2"]
[Date "2023.02.28"]
[WhiteClock "0:00:12"]
[BlackClock "0:00:18"]

1. d4 Nf6 2. Nf3 e6 3. Bg5 h6 4. Bxf6 Qxf6 5. e4 d5 6. e5 Qd8 7. Nbd2 c5 8. c3 Qb6 9. Qb3 Bd7 10. Be2 Nc6 11. O-O Qxb3 12. Nxb3 c4 13. Nbd2 b5 14. a3 a5 15. Ne1 f5 16. exf6 gxf6 17. f4 Bd6 18. Nc2 f5 19. Bh5+ Kd8 20. g3 Kc7 21. Nf3 b4 22. axb4 axb4 23. Ne5 b3 24. Ne3 Nxe5 25. fxe5 Be7 26. Ng2 Rhb8 27. h4 Ra2 28. Rab1 Be8 29. Bxe8 Rxe8 30. Nf4 Kd7 31. Kg2 Bd8 32. Kh3 Ba5 33. Nh5 Rb8 34. g4 Rxb2 35. Rxb2 Bxc3 36. Rbb1 fxg4+ 37. Kxg4 Bxd4 38. Rf7+ Kc6 39. Re7 c3 40. Rxe6+ Kc5 41. Nf4 c2 42. Rc1 Be3 43. Rxc2+ bxc2 44. Ne2 d4 45. Kf3 d3 46. Re7 dxe2 47. Rc7+ Kd5 0-1


[Site "https://www.chess.com"]

[Event "Titled Tuesday Blitz February 28 Late 2023"]
[White "Bilych, Olexiy"]
[Black "Kramnik, Vladimir"]
[WhiteFideId "14156504"]
[BlackFideId "4101588"]
[WhiteElo "2320"]
[BlackElo "2712"]
[Result "0-1"]
[Round "03"]
[TimeControl "180+2"]
[Date "2023.02.28"]
[WhiteClock "0:00:05"]
[BlackClock "0:00:16"]

1. d4 Nf6 2. c4 e6 3. Nf3 Bb4+ 4. Bd2 Bxd2+ 5. Qxd2 O-O 6. Nc3 d5 7. e3 Qe7 8. Rc1 Rd8 9. cxd5 exd5 10. Bd3 c6 11. O-O Ne4 12. Qc2 Bf5 13. Nd2 Nxd2 14. Qxd2 Bxd3 15. Qxd3 Na6 16. Na4 Nc7 17. Nc5 Ne8 18. b4 Nd6 19. a4 a6 20. a5 f5 21. Rfe1 Re8 22. Rc2 Qf7 23. Rce2 Re7 24. h4 Rae8 25. g3 Qh5 26. Qb3 f4 27. e4 Kh8 28. e5 Nf5 29. Qd3 Qg4 30. Kh2 Nxh4 31. e6 Nf3+ 32. Kg2 Nxd4 33. Re5 f3+ 34. Kh2 Ne2 35. R1xe2 fxe2 36. Qxe2 Qxb4 37. Nd3 Qxa5 38. Nf4 Qc3 39. Qh5 Kg8 40. Rf5 g6 41. Nxg6 hxg6 42. Qxg6+ Qg7 43. Qh5 Qh7 0-1


[Site "https://www.chess.com"]

[Event "Titled Tuesday Blitz February 28 Late 2023"]
[White "Bluebaum, Matthias"]
[Black "Nasuta, Grzegorz"]
[WhiteFideId "24651516"]
[BlackFideId "1141686"]
[WhiteElo "2638"]
[BlackElo "2449"]
[Result "1-0"]
[Round "03"]
[TimeControl "180+2"]
[Date "2023.02.28"]
[WhiteClock "0:00:05"]
[BlackClock "0:00:03"]

1. d4 d5 2. c4 c6 3. Nf3 Nf6 4. Nc3 dxc4 5. e4 b5 6. Qc2 Bg4 7. a4 Bxf3 8. gxf3 b4 9. Ne2 e6 10. Qxc4 Nbd7 11. Be3 Rc8 12. Ng3 Be7 13. Qc2 Qa5 14. b3 O-O 15. Bc4 Nb6 16. Rd1 Rfd8 17. Kf1 Nbd5 18. Kg2 Nc3 19. Rd3 c5 20. dxc5 Bxc5 21. Bxc5 Qxc5 22. Qd2 Qc7 23. Rc1 Rxd3 24. Qxd3 Rd8 25. Qe3 a5 26. Rc2 g6 27. Qg5 Kg7 28. e5 Ne8 29. Ne4 Nxe4 30. fxe4 Qb6 31. Bb5 Rd4 32. Bxe8 Rxe4 33. Qf6+ Kh6 34. Bxf7 Qd4 35. Bxe6 Rxe5 36. Rc4 Rf5 37. Qxd4 1-0


[Site "https://www.chess.com"]

[Event "Titled Tuesday Blitz February 28 Late 2023"]
[White "Pulpan, Jakub"]
[Black "Tabatabaei, M. Amin"]
[WhiteFideId "302759"]
[BlackFideId "12521213"]
[WhiteElo "2484"]
[BlackElo "2565"]
[Result "1-0"]
[Round "03"]
[TimeControl "180+2"]
[Date "2023.02.28"]
[WhiteClock "0:00:08"]
[BlackClock "0:00:01"]

1. Nf3 d5 2. b3 Bf5 3. Bb2 e6 4. g3 h6 5. Bg2 Nf6 6. O-O Be7 7. c4 O-O 8. d3 a5 9. a3 c6 10. Nbd2 Bh7 11. Qc2 Nbd7 12. Bc3 Bd6 13. Qb2 Qe7 14. Ne5 Nxe5 15. Bxe5 Bxe5 16. Qxe5 Nd7 17. Qb2 Bg6 18. d4 Nf6 19. e3 h5 20. h4 Bf5 21. Rfe1 Rfd8 22. b4 axb4 23. axb4 Qc7 24. b5 cxb5 25. Qxb5 Bd3 26. Bf1 Bxf1 27. Rxf1 dxc4 28. Qxc4 Qxc4 29. Nxc4 b5 30. Na5 Nd5 31. Nb7 Rxa1 32. Rxa1 Rb8 33. Nc5 b4 34. Rb1 g6 35. Kf1 Kg7 36. Rb3 Rb5 37. Ke2 Ra5 38. e4 Nc3+ 39. Kd3 Nd1 40. Ke2 Nc3+ 41. Kd3 Ra2 42. Rxb4 Nd1 43. Rb7 Nxf2+ 44. Kc4 Kf8 45. Rb8+ Kg7 46. Rb7 Kf8 47. Nd7+ Ke8 48. Nf6+ Kf8 49. Rb8+ Ke7 50. e5 1-0


[Site "https://www.chess.com"]

[Event "Titled Tuesday Blitz February 28 Late 2023"]
[White "Bortnyk, Olexandr"]
[Black "Msellek, Ilyass"]
[WhiteFideId "14120828"]
[BlackFideId "675938"]
[WhiteElo "2734"]
[BlackElo "2303"]
[Result "1-0"]
[Round "03"]
[TimeControl "180+2"]
[Date "2023.02.28"]
[WhiteClock "0:01:30"]
[BlackClock "0:00:14"]

1. d4 d5 2. Nc3 c6 3. Bf4 Qb6 4. Rb1 Bf5 5. e3 Nd7 6. Nf3 e6 7. Ne5 Nxe5 8. Bxe5 h6 9. Bd3 Bxd3 10. cxd3 Ne7 11. O-O Ng6 12. Bg3 h5 13. h3 h4 14. Bh2 Be7 15. b4 a6 16. a4 O-O 17. a5 Qd8 18. Na4 Bd6 19. Bxd6 Qxd6 20. Nc5 Rab8 21. f4 f5 22. Qh5 Kf7 23. e4 Rh8 24. Qg5 dxe4 25. dxe4 Qxd4+ 26. Kh1 Qf6 27. exf5 exf5 28. Rbd1 Qxg5 29. fxg5 Rhd8 30. Rxf5+ Kg8 31. Rxd8+ Rxd8 32. Nxb7 Rd1+ 33. Kh2 Ne7 34. Re5 Nd5 35. g6 Kf8 36. Nd6 Nf6 37. Nf5 Rd5 38. Rxd5 Nxd5 39. Nxh4 Nxb4 40. Nf5 Nd5 41. Nd4 Nb4 42. h4 Ke7 43. h5 c5 44. Nf5+ Kf6 45. Ne3 Kg5 46. g4 c4 47. Nxc4 Kxg4 48. h6 1-0


[Site "https://www.chess.com"]